 Dungeon Crawl Stone Soup version 0.22-a0-422-g9628fc8 (webtiles) character file.

301 Kairos the Shield-Bearer (level 6, -1/33 HPs)
             Began as a Vine Stalker Fighter on May 17, 2018.
             Succumbed to Kairos's ghost's poison
             ... on level 3 of the Dungeon.
             The game lasted 00:05:26 (1993 turns).

Kairos the Shield-Bearer (Vine Stalker Fighter)     Turns: 1993, Time: 00:05:26

Health: -1/33      AC:  8    Str: 20    XL:     6   Next: 37%
Magic:  3/7        EV:  7    Int:  8    God:
Gold:   122        SH:  9    Dex: 14    Spells: 5/5 levels left

rFire    x . .     SeeInvis .   a - +0 war axe
rCold    + . .     Gourm    .   c - +0 shield
rNeg     . . .     Faith    .   b - +0 scale mail
rPois    .         Spirit   +   n - +0 helmet
rElec    .         Reflect  .   (no cloak)
rCorr    +         Harm     .   (no gloves)
MR       .....                  (no boots)
Stlth    ..........             (no amulet)
HPRegen  0.51/turn              m - ring of ice
MPRegen  0.10/turn              o - ring of resist corrosion

@: lethally poisoned (-1 -> -19)
A: fangs 2, regeneration 1, magic shield, antimagic bite, no potion heal 3, rot
immunity
a: no special abilities


You were on level 3 of the Dungeon.
You were near starving.

You visited 1 branch of the dungeon, and saw 3 of its levels.

You collected 122 gold pieces.

Inventory:

Hand Weapons
 a - a +0 war axe (weapon)
 q - a cursed -2 flail
Missiles
 p - 2 tomahawks (quivered)
Armour
 b - a +0 scale mail (worn)
 c - a +0 shield (worn)
 n - a +0 helmet (worn)
Jewellery
 m - a ring of ice (left hand)
 o - a ring of resist corrosion (right hand)
Scrolls
 e - a scroll of remove curse {unknown}
 j - a scroll of magic mapping {unknown}
 k - a scroll of teleportation {unknown}
 l - a scroll of immolation {unknown}
 r - a scroll of identify {unknown}
 s - a scroll of noise {unknown}
Potions
 d - 2 potions of might
 g - 3 potions of degeneration {unknown}
 h - a potion of heal wounds {unknown}
 i - a potion of flight {unknown}
 t - a potion of haste {unknown}
Comestibles
 f - 4 rations


   Skills:
 + Level 3.7 Fighting
 + Level 3.2 Axes
 + Level 3.6 Armour
 + Level 0.7 Dodging
 + Level 3.7 Shields


You had 5 spell levels left.
You didn't know any spells.
Your spell library contained the following spells:

 Spells                   Type           Power        Failure   Level  Hunger
 Magic Dart               Conj           #...         99%         1    ##.....
 Conjure Flame            Conj/Fire      #.......     100%        3    ####...
 Slow                     Hex            #.......     100%        2    ###....
 Mephitic Cloud           Conj/Pois/Air  #.......     100%        3    ####...
 Blink                    Tloc           N/A          100%        2    ###....
 Call Imp                 Summ           #.......     100%        2    ###....


Dungeon Overview and Level Annotations

Branches:
Dungeon (3/15)

Altars:

Annotations:
D:3 Kairos's ghost, amateur VSFi


Innate Abilities, Weirdness & Mutations

You have extremely sharp teeth.
Your natural rate of healing is unusually fast.
When hurt, damage is shared between your health and your magic reserves.
Your bite disrupts and absorbs the magic of your enemies.
Potions cannot restore your health.
You are immune to rotting.


Message History

Unknown command.
Unknown command.
You feel sick.
You feel sick.
You feel sick. Kairos's ghost hits you.
You are more poisoned.
You feel sick.
You feel sick.
You feel sick.
You feel sick. You block Kairos's ghost's attack.
You feel sick.
You feel sick.
You feel sick.
You feel sick.
You feel sick. Kairos's ghost hits you!
* * * LOW HITPOINT WARNING * * *
You are lethally poisoned!
* * * LOW HITPOINT WARNING * * *
You feel sick.
You die...

#. ..# #. #.. #. ..# .##
#.# ..# #.# #.# #.#
#.###########.####
#@#.......w..w..).
#.#.#############. #W#.#
#. #.#.# #)
#.#.#############w
#.#.............#.
#.###.####.####.#.
#######.###.####.# #.#.
#................####...


You could see Kairos's ghost.

Vanquished Creatures
  An ogre (D:3)
  A hound (D:3)
  Natasha (thrice) (D:2)
  Terence (D:2)
  A gnoll (D:1)
  An ooze (D:3)
  A worm (D:2)
  2 dart slugs
  3 leopard geckos
  An orc (D:2)
  5 giant cockroaches
  8 goblins
  8 hobgoblins
  7 kobolds
  A quokka (D:2)
  2 ball pythons (D:2)
  8 bats
  5 frilled lizards
  8 rats
67 creatures vanquished.

Notes
Turn   | Place    | Note
-------+----------+-------------------------------------------
     0 | D:1      | Kairos the Vine Stalker Fighter began the quest for the Orb.
     0 | D:1      | Reached XP level 1. HP: 11/11 MP: 2/2
    75 | D:1      | Reached XP level 2. HP: 9/16 MP: 3/3
   388 | D:1      | Reached XP level 3. HP: 18/20 MP: 1/4
   807 | D:2      | Gained mutation: Your natural rate of healing is unusually fast. [Vine Stalker growth]
   807 | D:2      | Reached XP level 4. HP: 23/24 MP: 5/5
  1059 | D:2      | Noticed Terence
  1069 | D:2      | Killed Terence
  1134 | D:2      | Noticed Natasha
  1149 | D:2      | Killed Natasha
  1149 | D:2      | Reached XP level 5. HP: 17/28 MP: 3/6
  1330 | D:2      | Noticed Natasha
  1335 | D:2      | Killed Natasha
  1407 | D:2      | Noticed Natasha
  1412 | D:2      | Killed Natasha
  1711 | D:3      | Noticed an ogre
  1721 | D:3      | Killed an ogre
  1721 | D:3      | Reached XP level 6. HP: 11/33 MP: 2/7
  1723 | D:3      | Noticed Kairos's ghost (amateur VSFi)
  1992 | D:3      | HP: 1/33 [poisoned by Kairos's ghost]
  1993 | D:3      | Succumbed to Kairos's ghost's poison

Vault maps used:
D:1:      evilmike_arrival_home_sweet_home
D:2:      uniq_terence, uniq_natasha

Skill      XL: |  1  2  3  4  5 |
---------------+----------------+-----
Axes           | 2 3 |  3.2
Shields        | 3 |  3.7
Fighting       | 3 |  3.7
Armour         | 3 |  3.6
Dodging        | |  0.7

Action                   |  1- 3 |  4- 6 || total
-------------------------+-------+-------++-------
Melee: War axe           |    86 |    94 ||   180
       Bite              |    18 |    30 ||    48
Throw: Tomahawk          |       |     2 ||     2
  Eat: Chunk             |       |     2 ||     2
Armor: Scale mail        |    43 |    45 ||    88
Dodge: Dodged            |    37 |    39 ||    76
Block: Shield            |    48 |    63 ||   111

Table legend:
 A = Spawn XP
 B = Non-spawn XP
 C = Spawn XP percentage of total XP
 D = Spawn monster count
 E = Non-spawn monster count
 F = Spawn count percentage of total count
 G = Total turns spent on level
                    A         B        C        D         E        F      G
               +---------+---------+-------+---------+---------+-------+---------
         Total |       0 |     431 |   0.0 |       0 |      67 |   0.0 |  1993
               +---------+---------+-------+---------+---------+-------+---------
           D:1 |       0 |      65 |   0.0 |       0 |      30 |   0.0 |   606
           D:2 |       0 |     190 |   0.0 |       0 |      28 |   0.0 |  1052
           D:3 |       0 |     176 |   0.0 |       0 |       9 |   0.0 |   335
               +---------+---------+-------+---------+---------+-------+---------
